 Dungeon Crawl Stone Soup version 0.23.2 (webtiles) character file.

Game seed: 4059162470857367828

93 Borgoz the Cutter (level 4, -2/27 HPs)
             Began as a Gargoyle Gladiator on Apr 7, 2019.
             Slain by Purgy (5 damage)
             ... in a sewer.
             The game lasted 00:04:11 (1644 turns).

Borgoz the Cutter (Gargoyle Gladiator)              Turns: 1644, Time: 00:04:12

Health: -2/27      AC:  7    Str: 16 (18) XL:     4   Next: 61%
Magic:  4/4        EV: 18    Int:  9 (12) God:
Gold:   128        SH:  0    Dex: 16 (17) Spells: 3/3 levels left

rFire    . . .     SeeInvis .   a - +0 rapier
rCold    . . .     Gourm    .   (no shield)
rNeg     + . .     Faith    .   n - +0 leather armour
rPois    ∞         Spirit   .   c - +0 helmet
rElec    +         Reflect  .   (no cloak)
rCorr    .         Harm     .   (no gloves)
MR       .....                  (no boots)
Stlth    ++........             (no amulet)
HPRegen  0.09/turn              k - +4 ring of intelligence
MPRegen  0.09/turn              (no ring)

@: agile, flying, very slightly contaminated, invisible
A: negative energy resistance 1, electricity resistance, unbreathing,
petrification resistance, rot immunity, AC +3
a: no special abilities


You were in a sewer.
You were hungry.

You visited 1 branch of the dungeon, and saw 3 of its levels.
You also visited: Sewer.

You collected 128 gold pieces.

Inventory:

Hand Weapons
 a - a +0 rapier (weapon)
 b - a +0 blowgun
Missiles
 m - 35 poisoned needles
Armour
 c - a +0 helmet (worn)
 n - a +0 leather armour (worn)
Jewellery
 k - a +4 ring of intelligence (left hand)
Scrolls
 h - a scroll of identify
 l - a scroll of immolation
 o - a scroll of remove curse
Potions
 g - 2 potions of resistance
 p - a potion of flight
Comestibles
 f - 4 rations


   Skills:
 + Level 2.9 Fighting
 * Level 3.5 Short Blades
 - Level 1.7 Throwing
 + Level 1.5 Armour
 * Level 3.1 Dodging


You had 3 spell levels left.
You didn't know any spells.
Your spell library was empty.

Dungeon Overview and Level Annotations

Branches:
Dungeon (3/15)

Altars:

Annotations:
Sewer Purgy


Innate Abilities, Weirdness & Mutations

You are resistant to torment.
Your stone body is resilient. (AC +3)
You are immune to poison.
You resist negative energy. (rN+)
You are resistant to electric shocks. (rElec)
You can survive without breathing.
You are immune to petrification.
You are immune to rotting.


Message History

You barely miss Purgy.
Purgy is severely wounded.
Purgy misses you. x2; Purgy closely misses you.
You puncture Purgy!
Purgy is almost dead.
You hit Purgy.
Purgy is almost dead.
Purgy closely misses you. Purgy barely misses you. Purgy closely misses you.
You hit Purgy but do no damage.
Purgy is severely wounded.
Purgy barely misses you. Purgy completely misses you. Purgy barely misses you.
You barely miss Purgy.
Purgy is severely wounded.
Purgy bites you.
* * * LOW HITPOINT WARNING * * *
Purgy misses you. Purgy completely misses you.
You hit Purgy.
Purgy is almost dead.
Purgy bites you.
You die...

## ##
#$(#.
%.#.#
#≈≈.
##≈.≈##
#...T(#
#....@##
#..≈#...#
#. ##..##
#≈..#
##.≈#
#..# #..
#..# #≈≈#
##≈≈#
#.≈.
#...#


You could see Purgy.

Vanquished Creatures
  An adder (D:3)
  An ooze (D:1)
  An adder skeleton (D:3)
  3 worms (D:2)
  2 dart slugs
  2 leopard geckos
  6 bats
  2 giant cockroaches
  8 goblins
  6 hobgoblins
  7 jackals
  9 kobolds
  4 frilled lizards
  6 rats
58 creatures vanquished.

Notes
Turn   | Place    | Note
-------+----------+-------------------------------------------
     0 | D:1      | Borgoz the Gargoyle Gladiator began the quest for the Orb.
     0 | D:1      | Reached XP level 1. HP: 12/12 MP: 1/1
   101 | D:1      | Reached XP level 2. HP: 18/18 MP: 2/2
   414 | D:1      | Reached XP level 3. HP: 22/22 MP: 3/3
   610 | D:1      | Reached skill level 1 in Armour
  1083 | D:2      | Reached XP level 4. HP: 25/27 MP: 4/4
  1466 | D:3      | Found a glowing drain.
  1547 | Sewer    | Entered a sewer
  1620 | Sewer    | Noticed Purgy
  1644 | Sewer    | Slain by Purgy

Skill      XL: |  1  2  3  4 |
---------------+-------------+-----
Short Blades   | 3 |  3.5
Armour         | 1 |  1.5
Dodging        | 3 |  3.1
Fighting       | |  2.9
Throwing       | |  1.7

Action                   |  1- 3 |  4- 6 || total
-------------------------+-------+-------++-------
Melee: Rapier            |   136 |   103 ||   239
Throw: Throwing net      |       |     3 ||     3
  Use: Scroll            |       |     7 ||     7
       Potion            |       |     4 ||     4
 Stab: Invisible         |       |     1 ||     1
       Sleeping          |       |     1 ||     1
  Eat: Chunk             |     1 |     1 ||     2
Armor: Leather armour    |    61 |    45 ||   106
Dodge: Dodged            |    95 |   108 ||   203
